 Dungeon Crawl Stone Soup version 0.21-a0-404-g291f19a (webtiles) character file.

679 Klosterheim the Poker (level 7, -7/58 HPs)
             Began as a Formicid Abyssal Knight on Oct 28, 2017.
             Was a Priest of Lugonu.
             Mangled by Duvessa
             ... wielding a +3 short sword of draining
              (9 damage)
             ... on level 5 of the Dungeon.
             The game lasted 00:06:27 (3934 turns).

Klosterheim the Poker (Formicid Abyssal Knight)     Turns: 3934, Time: 00:06:28

Health: -7/58      AC:  9    Str: 19    XL:     7   Next: 92%
Magic:  8/8        EV:  7    Int: 16    God:    Lugonu [***...]
Gold:   218        SH:  0    Dex: 10    Spells: 6/6 levels left

rFire    + . .     SeeInvis +   e - +3 spear (venom)
rCold    + . .     Gourm    .   (no shield)
rNeg     . . .     Faith    .   q - +1 chain mail
rPois    +         Spirit   .   (helmet unavailable)
rElec    +         Reflect  .   (no cloak)
rCorr    +         Harm     +   (no gloves)
MR       .....                  (no boots)
Stlth    ..........             j - amulet of harm
HPRegen  0.19/turn              (no ring)
MPRegen  0.11/turn              (no ring)

@: brilliant, resistant, very heavily drained
A: permanent stasis, dig shafts and tunnels, four strong arms, antennae 3
a: Dig, Shaft Self, Depart the Abyss, Bend Space, Banish, Renounce Religion


You were on level 5 of the Dungeon.
You worshipped Lugonu.
Lugonu was most pleased with you.
You were not hungry.

You visited 1 branch of the dungeon, and saw 5 of its levels.
You visited the Abyss 1 time.

You collected 218 gold pieces.

Inventory:

Hand Weapons
 a - a +1 mace
 e - a +3 spear of venom (weapon)
Armour
 q - a +1 chain mail (worn)
Jewellery
 j - an amulet of harm (around neck)
Scrolls
 d - 3 scrolls of fear
 l - a scroll of recharging
 n - a scroll of blinking {unknown}
 t - a scroll of remove curse
 v - a scroll of magic mapping
Potions
 h - a potion of haste
 k - a potion of curing
 p - a potion of ambrosia
 r - a potion of magic {unknown}
 s - a potion of flight {unknown}
Comestibles
 b - 4 meat rations
 c - 6 bread rations
 f - 3 fruits
 g - 2 royal jellies
 m - 2 chunks of flesh


   Skills:
 + Level 6.0(2.5) Fighting
 - Level 2.0(0.0) Maces & Flails
 * Level 6.4(2.9) Polearms
 - Level 2.1(0.0) Armour
 - Level 0.8(0.0) Dodging
 - Level 2.1(0.0) Invocations


You had 6 spell levels left.
You didn't know any spells.

Dungeon Overview and Level Annotations

Branches:
Dungeon (5/15)
 Temple: D:4-7

Altars:
Dithmenos
Gozag
Uskayaw

Annotations:
D:5 Duvessa


Innate Abilities, Weirdness & Mutations

You cannot be hasted, slowed, berserked, paralysed or teleported.
You can dig through walls and to a lower floor.
Your four strong arms can wield two-handed weapons with a shield.
You have a pair of large antennae on your head. (SInv)


Message History

Duvessa goes berserk!
Your base Fighting skill increases to level 6!
Duvessa hits you with a short sword of draining!
You feel drained.
Duvessa hits you with a short sword of draining.
You feel drained.
You hit Duvessa but do no damage.
Duvessa is poisoned.
Duvessa is lightly wounded.
Duvessa hits you with a short sword of draining.
* * * LOW HITPOINT WARNING * * *
You feel drained.
* * * LOW HITPOINT WARNING * * *
You hit Duvessa.
Duvessa looks as sick as possible!
Duvessa is moderately wounded.
Duvessa hits you with a short sword of draining!
* * * LOW HITPOINT WARNING * * *
You feel drained.
* * * LOW HITPOINT WARNING * * *
Duvessa hits you with a short sword of draining!
You die...

#############
#...........#
#.#########.# #.#
#.# ### ##.## #.#
.....##...######
#.# #..........e@)#
#.#
...#!##...####.#
#.# #
##.#####.###.#
#...........#
########.##### .
........#...####
#.#####...........#
#..........###.##.#
##.. ......#.##.#
.#


You could see Duvessa (berserk).

Vanquished Creatures
  A phantom (D:4)
  A sky beast (D:5)
  Dowan (D:5)
  A crimson imp (D:5)
  2 jellies (D:5)
  A bullfrog skeleton (D:4)
  An orc priest (D:4)
  2 orc wizards (D:4)
  Jessica (D:2)
  Terence (D:3)
  A worker ant (D:5)
  3 adders
  3 shadow imps
  An adder skeleton (D:4)
  An adder zombie (D:5)
  A worm (D:2)
  5 dart slugs
  3 leopard geckos
  15 orcs
  A giant cockroach (D:3)
  7 goblins
  8 hobgoblins
  10 jackals
  3 quokkas
  8 bats
  6 frilled lizards
  7 kobolds
  7 rats
102 creatures vanquished.

Notes
Turn   | Place    | Note
-------+----------+-------------------------------------------
     0 | Abyss:1  | Klosterheim the Formicid Abyssal Knight began the quest for the Orb.
     0 | Abyss:1  | Reached XP level 1. HP: 18/18 MP: 2/2
    60 | Abyss:1  | Found a corrupted altar of Lugonu.
    99 | Abyss:1  | Found a corrupted altar of Lugonu.
   111 | Abyss:1  | Found a corrupted altar of Lugonu.
   137 | Abyss:1  | Noticed a thrashing horror
   138 | D:1      | Escaped the Abyss
   294 | D:1      | Reached * piety under Lugonu
   294 | D:1      | Reached skill level 1 in Polearms
   294 | D:1      | Reached XP level 2. HP: 24/24 MP: 3/3
   978 | D:2      | Reached XP level 3. HP: 3/30 MP: 4/4
  1391 | D:2      | Noticed Jessica
  1399 | D:2      | Killed Jessica
  1399 | D:2      | Reached XP level 4. HP: 21/37 MP: 5/5
  1904 | D:2      | Found an opulent altar of Gozag.
  2162 | D:3      | Reached XP level 5. HP: 38/42 MP: 6/6
  2245 | D:3      | Reached ** piety under Lugonu
  2303 | D:3      | Noticed Terence
  2311 | D:3      | Killed Terence
  2673 | D:4      | Found a hide-covered altar of Uskayaw.
  2823 | D:4      | Reached XP level 6. HP: 42/49 MP: 7/7
  2966 | D:4      | Found a shadowy altar of Dithmenos.
  3077 | D:4      | Reached skill level 5 in Fighting
  3301 | D:4      | Reached skill level 5 in Polearms
  3400 | D:4      | Noticed a phantom
  3423 | D:4      | Killed a phantom
  3423 | D:4      | Reached XP level 7. HP: 42/56 MP: 8/8
  3745 | D:5      | Entered Level 5 of the Dungeon
  3864 | D:5      | Reached *** piety under Lugonu
  3915 | D:5      | Noticed Duvessa
  3915 | D:5      | Noticed Dowan
  3932 | D:5      | Killed Dowan
  3934 | D:5      | HP: 2/58 [Duvessa/short sword of draining (3)]
  3934 | D:5      | Mangled by Duvessa

Vault maps used:
D:1:      kennysheep_arrival_forest
D:2:      first_bread, nicolae_gozag_cash_rules_everything_around_me,
          uniq_jessica
D:3:      minmay_misc_feat_nine_boxes, uniq_terence
D:4:      nicolae_overflow_crystal_walls, grunt_dithmenos_shadows, minivault_14
D:5:      nemelex_xobeh_ov_fountains_minmay, minmay_statues_item,
          kennysheep_generic_room_15, uniq_blork_the_orc, uniq_duvessa,
          uniq_edmund

Skill      XL: |  1  2  3  4  5  6  7 |
---------------+----------------------+-----
Polearms       | 1 2 3 4 5 6 |  6.4
Fighting       | 4 5 6 |  6.0
Maces & Flails | |  2.0
Armour         | |  2.1
Dodging        | |  0.8
Invocations    | |  2.1

Action                   |  1- 3 |  4- 6 |  7- 9 || total
-------------------------+-------+-------+-------++-------
Melee: Spear             |    60 |   196 |    46 ||   302
Invok: Depart the Abyss  |     1 |       |       ||     1
  Use: Potion            |     3 |       |     3 ||     6
       Scroll            |     2 |     7 |       ||     9
  Eat: Chunk             |     1 |     7 |     2 ||    10
Armor: Scale mail        |    18 |     4 |       ||    22
       Chain mail        |       |    69 |     8 ||    77
Dodge: Dodged            |    18 |    66 |     8 ||    92

Table legend:
 A = Spawn XP
 B = Non-spawn XP
 C = Spawn XP percentage of total XP
 D = Spawn monster count
 E = Non-spawn monster count
 F = Spawn count percentage of total count
 G = Total turns spent on level
                    A         B        C        D         E        F      G
               +---------+---------+-------+---------+---------+-------+---------
         Total |       0 |     971 |   0.0 |       0 |     102 |   0.0 |  3934
               +---------+---------+-------+---------+---------+-------+---------
           D:1 |       0 |      24 |   0.0 |       0 |      13 |   0.0 |   778
           D:2 |       0 |     105 |   0.0 |       0 |      28 |   0.0 |  1227
           D:3 |       0 |      89 |   0.0 |       0 |      26 |   0.0 |   530
           D:4 |       0 |     366 |   0.0 |       0 |      21 |   0.0 |  1072
           D:5 |       0 |     387 |   0.0 |       0 |      14 |   0.0 |   189
               +---------+---------+-------+---------+---------+-------+---------
